 Dungeon Crawl Stone Soup version 0.28.0-45-g0d030f2227 (webtiles) character file.

Game seed: 8683094492538995616

37 101zpm the Magician (level 3, -4/25 HPs)
             Began as a Djinni Ice Elementalist on Apr 20, 2022.
             Killed from afar by Natasha (7 damage)
             ... with a magic dart
             ... on level 2 of the Dungeon.
             The game lasted 00:03:32 (1506 turns).

101zpm the Magician (Djinni Ice Elementalist)       Turns: 1506, Time: 00:03:32

Health: -4/25      AC:  2    Str:  7    XL:     3   Next: 62%
Gold:   88         EV: 12    Int: 18    God:
                   SH:  0    Dex: 13

rFire   + + .      SeeInvis .   (no weapon)
rCold   x . .      Faith    .   (no shield)
rNeg    . . .      Spirit   .   a - +0 robe
rPois   ∞          Reflect  .   (no helmet)
rElec   .          Harm     .   (no cloak)
rCorr   .          Rampage  .   (no gloves)
Will    .....                   (boots unavailable)
Stlth   ++........              (no amulet)
HPRegen 0.08/turn               (no ring)
MPRegen 0.00/turn               (no ring)

@: flying, very slightly contaminated
A: sickness immunity, fire resistance 2, cold vulnerability 1, float, innate
caster, HP casting, extra vitality 1
a: no special abilities


You were on level 2 of the Dungeon.
You visited 1 branch of the dungeon, and saw 3 of its levels.

You collected 88 gold pieces.

Inventory:

Missiles
 b - 54 stones
 c - 18 sling bullets
Armour
 a - a +0 robe (worn)
Scrolls
 e - a scroll of immolation {unknown}
 g - a scroll of fog {unknown}
 h - a scroll of identify {unknown}
Potions
 d - a potion of curing {unknown}
 f - a potion of ambrosia {unknown}


   Skills:
 + Level 2.3 Dodging
 + Level 1.6 Stealth
 + Level 4.0 Spellcasting


You couldn't memorise any spells.
You knew the following spells:

 Your Spells              Type           Power      Damage    Failure   Level
a - Freeze                Ice            72%        1d9       2%          1
b - Frozen Ramparts       Ice            36%        1d5       9%          3
c - Ozocubu's Armour      Ice            18%        N/A       9%          3
d - Hailstorm             Conj/Ice       18%        3d6       28%         4
e - Sting                 Tmut/Pois      72%        1d6       2%          1
Your spell library was empty.

Dungeon Overview and Level Annotations

Branches:
Dungeon (3/15)

Altars:

Annotations:
D:2 Natasha


Innate Abilities, Weirdness & Mutations

You are immune to sickness and miasma.
You are immune to poison.
Your flesh is very heat resistant. (rF++)
You are vulnerable to cold. (rC-)
You float through the air rather than walking.
You learn spells naturally, not from books.
Your magical power is your life essence.
You have superior vitality. (+4 MHP)


Message History

The wall freezes the endoplasm.
The wall freezes the endoplasm.
The wall freezes the endoplasm.
You kill the endoplasm!
You start resting.
The frozen ramparts melt away.
You start resting.
Natasha is nearby!
Casting: Frozen Ramparts (quite dangerous; 9% risk of failure)
Confirm with . or Enter, or press ? or * to list all spells.
The spell is quite dangerous to miscast (9% risk of failure)!
Continue anyway?
Casting: Frozen Ramparts (quite dangerous; 9% risk of failure)
Press: ? - help, Dir - look around, f - activate The walls around you are covered in ice.
Natasha stares at you and mumbles some strange words.
The magic dart hits you. Natasha casts a spell at you. The magic dart hits you!
* * * LOW HITPOINT WARNING * * *
Natasha wildly gestures.
You feel troubled.
The wall freezes Natasha.
Natasha casts a spell at you. The magic dart hits you.
* * * LOW HITPOINT WARNING * * *
The wall freezes Natasha.
Natasha stares at you and mumbles some strange words.
You resist with some effort.
The wall freezes Natasha.
The frozen ramparts melt away.
Aiming: Freeze (safe; 2% risk of failure)
Press: ? - help, Q - select action, (/) - cycle Shift-Dir - straight line, f - Natasha
Aim: Natasha (heavily wounded)
You miscast Freeze.
You are very lightly contaminated with residual magic.
Nothing appears to happen.
* * * LOW HITPOINT WARNING * * *
Natasha stares at you and mumbles some strange words.
The magic dart hits you!
You die...

#.......#.####......♣
#..................♣♣
#......##.####....♣♣
#########.# ###♣♣ #.#
#.###### #......####
##########..........
#......@h...........
#.########.......=..
#...............
#..............g
#........#######
#.......h# #........#
#........# #........#


You could see Natasha.

Vanquished Creatures
  Natasha (D:2)
  A worm (D:2)
  3 endoplasms (D:2)
  2 goblins
  2 ball pythons (D:2)
  A bat (D:2)
10 creatures vanquished.

Notes
Turn   | Place    | Note
-------+----------+-------------------------------------------
     0 | D:1      | 101zpm the Djinni Ice Elementalist began the quest for the
                  | Orb.
     0 | D:1      | Reached XP level 1. HP: 15/15 MP: 0/0
   315 | D:2      | Reached XP level 2. HP: 10/21 MP: 0/0
  1074 | D:2      | Noticed Natasha
  1084 | D:2      | Killed Natasha
  1085 | D:2      | Reached skill level 4 in Spellcasting
  1085 | D:2      | Reached XP level 3. HP: 8/25 MP: 0/0
  1085 | D:2      | Learned a level 1 spell: Sting
  1481 | D:2      | Noticed Natasha
  1506 | D:2      | Killed from afar by Natasha

Illustrated notes

Levels and vault maps discovered:
D:1:      elethiomel_arrival_shortcut, layout_basic, serial_forest,
          infiniplex_forest_clump_small, infiniplex_forest_3_way,
          infiniplex_forest_lined_2, infiniplex_forest_clump_double,
          infiniplex_forest_lined_room_2, infiniplex_forest_3_way,
          infiniplex_forest_lined_3, nicolae_concentric_dashed_squares_wild,
          chequers_big_river
D:2:      layout_basic, uniq_natasha, uniq_crazy_yiuf_cottage
D:3:      layout_loops_ring, ebering_ecumenical_altar_webs, uniq_terence

Skill      XL: |  1  2 |
---------------+-------+-----
Spellcasting   | 4 |  4.0
Dodging        | |  2.3
Stealth        | |  1.6

Action                   || total
-------------------------++-------
Melee: Unarmed           ||     6
Throw: Stone             ||     1
 Cast: Freeze            ||    25
       Frozen Ramparts   ||     2
Armor: Robe              ||     5
Dodge: Dodged            ||    14
